 Dungeon Crawl Stone Soup version 0.20.1-1-g8b1a95d (webtiles) character file.

145 wojtek the Grave Robber (level 5, 0/31 HPs)
             Began as a Kobold Necromancer on Dec 24, 2017.
             Killed by divine providence
             ... invoked by an orc priest
              (12 damage)
             ... on level 3 of the Dungeon.
             The game lasted 00:06:44 (4590 turns).

wojtek the Grave Robber (Kobold Necromancer)        Turns: 4590, Time: 00:06:45

Health: 0/31       AC:  2    Str:  5    XL:     5   Next: 53%
Magic:  1/8        EV: 15    Int: 18    God:    Xom [..*...]
Gold:   184        SH:  0    Dex: 15    Spells: 3/8 levels left

rFire    . . .     SeeInvis .   a - +2 short sword (drain)
rCold    . . .     Gourm    .   (shield restricted)
rNeg     . . .     Faith    .   e - +0 robe
rPois    .         Spirit   .   (no helmet)
rElec    .         Reflect  .   (no cloak)
rCorr    .         Harm     .   (no gloves)
MR       .....                  (no boots)
Stlth    ++........             (no amulet)
Regen    0.1/turn               (no ring)
MPRegen  0.2/turn               (no ring)

@: very slightly contaminated
A: carnivore 3
a: Renounce Religion


You were on level 3 of the Dungeon.
You worshipped Xom.
You were a toy of Xom.
You were completely stuffed.

You visited 1 branch of the dungeon, and saw 3 of its levels.

You collected 184 gold pieces.

Inventory:

Hand Weapons
 a - a +2 short sword of draining (weapon)
 q - a +0 blowgun
Missiles
 x - 18 poisoned needles
Armour
 e - a +0 robe (worn)
 w - a +0 buckler
Jewellery
 p - an uncursed ring of wizardry {unknown}
Wands
 t - a wand of random effects (21/48)
 v - a wand of acid (13/15)
Scrolls
 g - 2 scrolls of identify {unknown}
 i - a scroll of amnesia {unknown}
 j - a scroll of enchant weapon {unknown}
 k - a scroll of enchant armour {unknown}
 n - a scroll of fear {unknown}
Potions
 d - a potion of experience {unknown}
 f - 3 potions of cancellation {unknown}
 h - a potion of might {unknown}
 l - 2 potions of resistance
 s - a potion of brilliance {unknown}
 u - 4 potions of curing {unknown}
 z - a potion of mutation {unknown}
 A - a potion of agility
 B - 2 potions of magic {unknown}
 C - 2 potions of degeneration {unknown}
Books
 b - a book of Necromancy

   Spells                             Type                      Level
   a - Pain                           Necromancy                   1
   b - Animate Skeleton               Necromancy                   1
   c - Vampiric Draining              Necromancy                   3
   d - Regeneration                   Charms/Necromancy            3
   e - Animate Dead                   Necromancy                   4
   f - Control Undead                 Necromancy                   4
Comestibles
 c - a meat ration
 m - 2 chunks of flesh
 r - 2 royal jellies


   Skills:
 + Level 2.4 Fighting
 + Level 3.3 Short Blades
 - Level 2.4 Dodging
 - Level 2.6 Stealth
 - Level 2.1 Spellcasting
 - Level 5.1 Necromancy


You had 3 spell levels left.
You knew the following spells:

 Your Spells              Type           Power        Failure   Level  Hunger
a - Pain                  Necr           ###.         2%          1    #......
d - Animate Dead          Necr           N/A          22%         4    #####..


Dungeon Overview and Level Annotations

Branches:
Dungeon (3/15)

Altars:
Fedhas
Xom
The Shining One


Innate Abilities, Weirdness & Mutations

You are small and have problems with some larger weapons.
You are carnivorous and can eat meat at any time.


Message History

Aiming: Pain
Press: ? - help, Shift-Dir - straight line, f/p - orc priest
Aim: an orc priest, wielding a dagger of draining and wearing a ring mail (lightly wounded, chance to defeat MR: 80%)
The orc priest writhes in agony!
Casting: Pain
Confirm with . or Enter, or press ? or * to list all spells.
Aiming: Pain
Press: ? - help, Shift-Dir - straight line, f/p - orc priest
Aim: an orc priest, wielding a dagger of draining and wearing a ring mail (heavily wounded, chance to defeat MR: 80%)
The orc priest writhes in agony!
Casting: Pain
Confirm with . or Enter, or press ? or * to list all spells.
Aiming: Pain
Press: ? - help, Shift-Dir - straight line, f/p - orc priest
Aim: an orc priest, wielding a dagger of draining and wearing a ring mail (severely wounded, chance to defeat MR: 80%)
The orc priest writhes in agony!
The orc priest invokes the aid of Beogh against you.
Beogh smites you!
You die... "This toy is broken."

#...........####.#...........#
#.###.#.......#.#.......#.#.#
#......#.####...###...###.#.##
###...##.#................#...
#......#.##......##.#######.
###.##.#.###...#.....## #.
#.#....###.##..#....######
#....###..<....##.........
##........@o.........######
#....##############.##
#.#####.............#
#.##....#############
#....#### ######


You could see an orc priest.

Vanquished Creatures
  3 gnolls (D:3)
  An adder (D:3)
  2 oozes (D:3)
  3 worms
  3 dart slugs
  A leopard gecko (D:2)
  3 orcs
  A ball python (D:1)
  9 bats
  A giant cockroach (D:3)
  9 goblins
  11 hobgoblins
  2 jackals (D:2)
  15 kobolds
  A quokka (D:2)
  2 frilled lizards
  3 rats (D:1)
70 creatures vanquished.

Vanquished Creatures (collateral kills)
  A gnoll (D:3)
1 creature vanquished.

Grand Total: 71 creatures vanquished

Notes
Turn   | Place    | Note
-------+----------+-------------------------------------------
     0 | D:1      | wojtek the Kobold Necromancer began the quest for the Orb.
     0 | D:1      | Reached XP level 1. HP: 10/10 MP: 3/3
     2 | D:1      | Noticed a dwarf
     2 | D:1      | Noticed a formicid
     4 | D:1      | Noticed a vampire
     4 | D:1      | Noticed an ogre
     6 | D:1      | Noticed a demigod
     6 | D:1      | Noticed a ghoul
    10 | D:1      | Noticed a centaur
    10 | D:1      | Noticed an octopode
    12 | D:1      | Noticed a naga
    12 | D:1      | Noticed a merfolk
    14 | D:1      | Noticed a spriggan
    14 | D:1      | Noticed a vine stalker
    16 | D:1      | Noticed a human
    16 | D:1      | Noticed a minotaur
    19 | D:1      | Noticed an elf
    21 | D:1      | Noticed a troll
    21 | D:1      | Noticed a halfling
    23 | D:1      | Noticed a gargoyle
    23 | D:1      | Noticed a demonspawn
    25 | D:1      | Noticed a tengu
    27 | D:1      | Noticed a felid
    27 | D:1      | Noticed a draconian
   415 | D:1      | Reached XP level 2. HP: 3/15 MP: 0/5
  1217 | D:1      | Reached XP level 3. HP: 16/19 MP: 1/6
  1805 | D:1      | Reached skill level 5 in Necromancy
  2225 | D:2      | Found a blossoming altar of Fedhas.
  2231 | D:2      | Found a shimmering altar of Xom.
  2242 | D:2      | Became a worshipper of Xom of Chaos
  2321 | D:2      | XOM: harmless Hex miscast
  2494 | D:2      | Reached XP level 4. HP: 21/24 MP: 7/7
  2729 | D:2      | XOM: silly message
  2880 | D:2      | Reached skill level 1 in Short Blades
  2912 | D:2      | XOM: divination: detect creatures
  3035 | D:3      | Found a glowing golden altar of the Shining One.
  3063 | D:3      | XOM: silly message
  3103 | D:3      | Reached skill level 1 in Fighting
  3103 | D:3      | XOM: silly message
  3246 | D:3      | XOM is BORED!
  3246 | D:3      | XOM: silly message
  3270 | D:3      | XOM: silly message
  3339 | D:3      | XOM: medium Pois miscast
  3460 | D:3      | Learned a level 4 spell: Animate Dead
  3507 | D:3      | Reached XP level 5. HP: 16/30 MP: 3/8
  3512 | D:3      | XOM: harmless Erth miscast
  3923 | D:3      | XOM: cloud trail
  4484 | D:2      | XOM: cloud trail
  4585 | D:3      | XOM: noise
  4590 | D:3      | Killed from afar by an orc priest

Skill      XL: |  1  2  3  4  5 |
---------------+----------------+-----
Necromancy     | 5 |  5.1
Short Blades   | 2 3 |  3.3
Fighting       | 1 2 |  2.4
Dodging        | |  2.4
Stealth        | |  2.6
Spellcasting   | |  2.1

Action                   |  1- 3 |  4- 6 || total
-------------------------+-------+-------++-------
Melee: Unarmed           |    10 |       ||    10
       Club              |    10 |       ||    10
       Dagger            |    42 |       ||    42
       Short sword       |    26 |    64 ||    90
 Cast: Pain              |    34 |    35 ||    69
       Animate Dead      |       |     2 ||     2
  Use: Scroll            |       |     2 ||     2
 Stab: Sleeping          |     4 |     3 ||     7
  Eat: Chunk             |    14 |     7 ||    21
Armor: Robe              |    10 |    11 ||    21
Dodge: Dodged            |    71 |    66 ||   137
